 Dungeon Crawl Stone Soup version 0.31-a0-925-g0a390f2509 (webtiles) character file.

Game seed: 13477899900640723714

315 Dirtsage the Digger (level 6, -5/32 HPs)
             Began as a Gargoyle Earth Elementalist on Oct 18, 2023.
             Shot with an arrow by an orc warrior (7 damage)
             ... on level 4 of the Dungeon.
             The game lasted 00:11:24 (2635 turns).

Dirtsage the Digger (Gargoyle Earth Elementalist)   Turns: 2635, Time: 00:11:25

Health: -5/32      AC:  7    Str: 12    XL:     6   Next: 44%
Magic:  7/10       EV: 11    Int: 17    God:
Gold:   184        SH:  0    Dex: 10    Spells: 3/11 levels left

rFire   . . .        d - staff of cold
rCold   + . .        (no shield)
rNeg    + . .        a - +0 robe
rPois   ∞            (no helmet)
rElec   +            p - scarf {+Inv}
rCorr   .            f - +0 pair of gloves
SInv    .            (no boots)
Will    .....        e - amulet of faith
Stlth   ++           (no ring)
HPRegen 0.25/turn    (no ring)
MPRegen 0.12/turn

%: faith
@: no status effects
A: sickness immunity, AC +4, negative energy resistance 1, electricity
resistance, torment resistance 1, petrification resistance
a: Evoke Invisibility


You were on level 4 of the Dungeon.
You visited 1 branch of the dungeon, and saw 4 of its levels.

You collected 184 gold pieces.

Inventory:

Armour
 a - a +0 robe (worn)
 f - a +0 pair of gloves (worn)
 p - a scarf of invisibility (worn)
Magical Staves
 d - a staff of cold (weapon)
Jewellery
 e - an amulet of faith (around neck)
Scrolls
 g - a scroll of blinking {unknown}
 h - 2 scrolls of amnesia {unknown}
 i - 3 scrolls of noise {unknown}
 j - a scroll of identify {unknown}
 m - a scroll of vulnerability {unknown}
 n - a scroll of enchant armour {unknown}
 o - a scroll of enchant weapon {unknown}
Potions
 b - a potion of magic
 c - a potion of brilliance {unknown}
 k - 2 potions of berserk rage {unknown}
 l - 3 potions of heal wounds {unknown}
 q - a potion of mutation {unknown}


   Skills:
 - Level 1.5 Dodging
 - Level 2.1 Stealth
 + Level 3.3 Spellcasting
 * Level 3.5 Conjurations
 - Level 0.7 Transmutations
 * Level 6.4 Earth Magic


You had 3 spell levels left.
You knew the following spells:

 Your Spells              Type           Power      Damage    Failure   Level
a - Sandblast             Erth           48%        2d12      1%          1
b - Stone Arrow           Conj/Erth      38%        3d9       7%          3
x - Brom's Barrelling Bo  Conj/Erth      19%        2d4       22%         4

Your spell library contained the following spells:

 Spells                   Type           Power      Damage    Failure   Level
 Passwall                 Tmut/Erth      11%        N/A       6%          2
 Static Discharge         Conj/Air       16%        2-3/arc   13%         2
 Apportation              Tloc           4%         N/A       17%         1
 Necrotise                Necr           8%         1d4       17%         1
 Summon Small Mammal      Summ           8%         N/A       17%         1
 Jinxbite                 Hex            4%         N/A       26%         2
 Petrify                  Tmut/Erth      14%        N/A       36%         4
 Airstrike                Air            1%         2d(1-17)  86%         4
 Summon Lightning Spire   Summ/Air       2%         N/A       86%         4
 Alistair's Intoxication  Tmut/Pois      2%         N/A       99%         5


Dungeon Overview and Level Annotations

Branches:
Dungeon (4/15)
 Temple: D:4-7

Altars:
Ashenzari
Gozag


Innate Abilities, Weirdness & Mutations

You are immune to sickness and miasma.
Your stone body is resilient. (AC +4)
You are immune to poison.
You resist negative energy. (rN+)
You are resistant to electric shocks. (rElec)
You are resistant to unholy torment.
You are immune to petrification.


Message History

Okay, then.
Casting: Sandblast (safe; 1% risk of failure)
Confirm with . or Enter, or press ? or * to list all spells.
Aiming: Sandblast (safe; 1% risk of failure)
Press: ? - help, Shift-Dir - straight line You now have 8/10 mp.
There is a stone staircase leading up here.
Casting: Sandblast (safe; 1% risk of failure)
Confirm with . or Enter, or press ? or * to list all spells.
Aiming: Sandblast (safe; 1% risk of failure)
Press: ? - help, Shift-Dir - straight line, f - you
Okay, then.
The orc warrior unwields a +0 long sword.
The orc warrior wields a +1 orcbow of electrocution.
You hear the crackle of electricity.
The orc warrior shoots an arrow.
The arrow barely misses you.
You hear some strange, mumbled words.
A magic dart appears from out of thin air!
The magic dart hits you.
You take 4 damage, and have 21/32 hp.
Casting: Sandblast (safe; 1% risk of failure)
Confirm with . or Enter, or press ? or * to list all spells.
Aiming: Sandblast (safe; 1% risk of failure)
Press: ? - help, Shift-Dir - straight line Something hits you.
The orc warrior shoots an arrow.
The arrow hits you but does no damage. Something hits you.
You take 5 damage, and have 16/32 hp.
You now have 7/10 mp.
Casting: Sandblast (safe; 1% risk of failure)
Confirm with . or Enter, or press ? or * to list all spells.
Aiming: Sandblast (safe; 1% risk of failure)
Press: ? - help, Shift-Dir - straight line The blast of sand hits something!!
Reactivating autopickup.
You feel a bit more experienced.
The orc warrior shoots an arrow.
The arrow closely misses you.
The orc warrior shoots an arrow.
The arrow hits you!
* * * LOW HITPOINT WARNING * * *
You take 15 damage, and have 1/32 hp.
MASSIVE DAMAGE!!
The orc warrior shoots an arrow.
The arrow hits you!
You die...

.................
..##
o#...>.....## .
........$... #
#.........
#.#........
#........###.#
#...........#
#...)..# #...@..#
#....#.# #...?#.#
#..... . #.#...
.. #.#.... ..
..#.... ..# ..
#.....


You could see an orc warrior.

Vanquished Creatures
  An ice beast (D:4)
  2 orc wizards
  Natasha (thrice) (D:2)
  3 adders (D:3)
  2 worms
  2 orcs (D:3)
  3 endoplasms
  3 giant cockroaches
  5 goblins
  7 hobgoblins
  4 jackals (D:3)
  5 kobolds
  2 quokkas (D:1)
  7 ball pythons
  3 bats
  3 frilled lizards
  8 rats
63 creatures vanquished.

Notes
Turn   | Place    | Note
-------+----------+-------------------------------------------
     0 | D:1      | Dirtsage the Gargoyle Earth Elementalist began the quest
                  | for the Orb.
     0 | D:1      | Reached XP level 1. HP: 10/10 MP: 3/3
   130 | D:1      | Reached skill level 4 in Earth Magic
   131 | D:1      | Reached XP level 2. HP: 10/15 MP: 0/5
   983 | D:2      | Reached XP level 3. HP: 19/19 MP: 3/6
  1125 | D:2      | Learned a level 3 spell: Stone Arrow
  1404 | D:2      | Noticed Natasha
  1410 | D:2      | Killed Natasha
  1411 | D:2      | Reached skill level 1 in Conjurations
  1411 | D:2      | Reached skill level 5 in Earth Magic
  1411 | D:2      | Reached XP level 4. HP: 21/24 MP: 4/7
  1435 | D:2      | Noticed Natasha
  1441 | D:2      | Killed Natasha
  1770 | D:2      | Noticed Natasha
  1774 | D:2      | Killed Natasha
  1775 | D:2      | Reached XP level 5. HP: 28/28 MP: 4/9
  1835 | D:2      | Learned a level 4 spell: Brom's Barrelling Boulder
  2051 | D:3      | Found a broken altar of Ashenzari.
  2051 | D:3      | Found an opulent altar of Gozag.
  2506 | D:4      | Noticed an orc warrior
  2535 | D:4      | Noticed an ice beast
  2545 | D:4      | Killed an ice beast
  2546 | D:4      | Reached skill level 6 in Earth Magic
  2546 | D:4      | Reached XP level 6. HP: 32/32 MP: 0/10
  2634 | D:4      | HP: 1/32 [orc warrior/arrow (15)]
  2635 | D:4      | Shot with an arrow by an orc warrior

Illustrated notes

Levels and vault maps discovered:
D:1:      co_arrival_square_in_a_square_in_a_square, layout_basic
D:2:      layout_loops_ring, minmay_split_cup_small, uniq_natasha
D:3:      layout_rooms, gammafunk_temple_overflow_statue
D:4:      layout_basic, nicolae_overflow_hidden_temple, serial_corexii_hall,
          chequers_hall_statues_corner_a, chequers_hall_statues_wall_a,
          uniq_pikel, uniq_duvessa

Skill      XL: |  1  2  3  4  5 |
---------------+----------------+-----
Earth Magic    | 4 5 6 |  6.4
Conjurations   | 1 2 3 |  3.5
Spellcasting   | 3 |  3.3
Dodging        | |  1.5
Stealth        | |  2.1
Transmutations | |  0.7

Action                     |  1- 3 |  4- 6 || total
---------------------------+-------+-------++-------
  Melee: Unarmed           |    22 |       ||    22
         Punch             |     2 |       ||     2
         Staff             |    41 |    14 ||    55
   Cast: Sandblast         |    29 |    43 ||    72
         Stone Arrow       |       |     1 ||     1
   Stab: Sleeping          |     2 |       ||     2
 Armour: Robe              |    41 |    29 ||    70
  Dodge: Dodged            |    42 |    16 ||    58

Table legend: (Time is in decaauts)
 A = Elapsed time spent in this place.
 B = Non-inter-level travel time spent in this place.
 C = Inter-level travel time spent in this place.
 D = Time resting spent in this place.
 E = Time spent auto-exploring this place.
 F = Levels seen in this place.
 G = Mean time per level.
                   A        B        C        D        E       F      G
               +--------+--------+--------+--------+--------+-----+--------+
         Total |   2692 |   2622 |     70 |      0 |   2194 |   4 |  673.0 |
       Dungeon |   2692 |   2622 |     70 |      0 |   2194 |   4 |  673.0 |
               +--------+--------+--------+--------+--------+-----+--------+

Top non-repeatable levels by time:
     D:1: 990 daAuts
     D:2: 900 daAuts
     D:3: 764 daAuts
     D:4: 36 daAuts
